Devils vs Jets
(R2)
Created - February 13, 2019 at 19:09
Goals
|
Devils |
1 |
2 |
0 |
1 |
4 |
Jets |
2 |
0 |
1 |
0 |
3 |
|
Shots
|
Devils |
7 |
15 |
6 |
1 |
29 |
Jets |
6 |
14 |
14 |
0 |
34 |
|
1st period
1. Jets , Derek Roy 10 (Marcus Johansson 16, Corey Perry 18) at 2:11
2. Jets , Mike Richards 20 (Erik Haula 11, Jacob Trouba 8) at 6:44
3. Devils , Taylor Hall 19 (Scott Gomez 11, Travis Hamonic 19) at 8:27 (SH)
Penalties :
Jaden Schwartz (NJD) for Tripping (Minor) at 6:47, Eric Gelinas (Win) for Hooking (Minor) at 9:26
2nd period
4. Devils , Jordan Eberle 18 (Jaden Schwartz 12, Jonathan Toews 27) at 6:50 (PP)
5. Devils , Jordan Eberle 19 (Jonathan Toews 28) at 18:35
Penalties :
Derek Stepan (Win) for Holding (Minor) at 0:59, Marcus Johansson (Win) for Tripping (Minor) at 5:53, Viktor Arvidsson (NJD) for Slashing (Double Minor) at 13:05
3rd period
6. Jets , Derek Roy 11 (Brendan Smith 14, Marcus Johansson 17) at 13:47
Penalties :
Shayne Gostisbehere (NJD) for Goalie Interference (Minor) at 4:54, Marcus Johansson (Win) for Slashing (Minor) at 9:34, Taylor Hall (NJD) for Hooking (Minor) at 14:38, Mike Richards (Win) for High sticking (Minor) at 17:49
Overtime #1
7. Devils , Dmitry Kulikov 5 (Matt Duchene 41) at 1:19
Penalties :
No Penalty
Goalie Stats
Ryan Miller (NJD), 31 saves from 34 shots - (0.912), W, 19-17-3, 61:19 minutes
Kari Lehtonen (Win), 25 saves from 29 shots - (0.862), OTL, 12-12-1, 61:19 minutes
Players Stats for Devils
Player Name G A P +/- PIM S H SB GA TA FO MP PP MP PK MP
------------------------------------------------------------------------------------
Alexander Perezhogin 0 0 0 -1 0 2 2 0 0 0 0/0 7:11 0:00 0:00
Anthony Stewart 0 0 0 0 0 0 2 0 1 0 0/0 10:11 0:00 1:59
Colton Parayko 0 0 0 0 0 0 1 0 0 0 0/0 9:02 0:00 0:00
Dmitry Kulikov 1 0 1 2 0 2 1 1 0 3 0/0 23:35 5:39 5:48
Jaden Schwartz 0 1 1 0 2 3 1 0 1 0 0/1 18:08 3:42 0:00
Jonathan Toews 0 2 2 0 0 1 1 0 0 0 26/39 23:59 3:42 5:15
Jordan Eberle 2 0 2 0 0 5 0 1 1 1 2/3 23:59 3:42 5:15
Kellan Lain 0 0 0 0 0 0 1 0 1 0 0/0 9:47 0:00 1:42
Kevin Shattenkirk 0 0 0 0 0 1 2 1 1 0 0/0 27:37 5:39 4:08
Matt Duchene 0 1 1 0 0 2 3 0 1 0 8/19 16:53 5:11 0:00
Scott Gomez 0 1 1 1 0 3 0 1 0 0 2/3 11:59 0:08 3:15
Scott Hartnell 0 0 0 0 0 1 0 0 0 0 0/1 7:22 0:00 0:00
Shayne Gostisbehere 0 0 0 0 2 0 0 1 1 1 0/0 20:23 3:14 0:00
Taylor Hall 1 0 1 0 2 3 1 0 0 0 0/1 19:17 5:11 2:26
Travis Hamonic 0 1 1 -1 0 0 0 2 0 1 0/0 18:58 0:00 5:48
Tyler Bozak 0 0 0 -1 0 2 0 0 0 0 3/4 7:11 0:00 0:00
Tyler Cuma 0 0 0 -1 0 2 3 1 0 1 0/0 23:05 3:14 4:08
Viktor Arvidsson 0 0 0 -1 4 2 0 0 1 0 0/1 16:39 5:03 0:00
Players Stats for Jets
Player Name G A P +/- PIM S H SB GA TA FO MP PP MP PK MP
------------------------------------------------------------------------------------
Anton Volchenkov 0 0 0 0 0 0 0 2 0 0 0/0 20:49 0:32 5:43
Benoit Pouliot 0 0 0 -1 0 2 0 0 1 0 0/0 18:48 5:02 1:05
Brendan Smith 0 1 1 -1 0 1 2 6 2 2 0/0 27:53 5:09 5:21
Corey Perry 0 1 1 -1 0 0 1 1 1 1 2/4 20:58 5:01 1:43
Derek Roy 2 0 2 1 0 8 1 2 1 0 10/26 21:10 4:25 2:50
Derek Stepan 0 0 0 -2 2 1 1 0 0 0 11/20 18:23 5:02 0:09
Devin Setoguchi 0 0 0 0 0 4 2 0 0 1 1/1 13:04 0:30 0:00
Eric Gelinas 0 0 0 1 2 1 1 2 1 1 0/0 21:30 4:15 2:26
Erik Haula 0 1 1 1 0 1 0 0 0 0 4/8 14:35 0:29 5:04
Jacob Trouba 0 1 1 0 0 0 0 0 0 0 0/0 12:01 0:32 0:54
Jared Spurgeon 0 0 0 1 0 0 1 0 0 0 0/0 14:05 4:15 0:05
Joe Colborne 0 0 0 0 0 1 1 0 0 0 1/5 7:34 0:29 0:00
Kevin Hayes 0 0 0 0 0 1 0 0 0 0 0/0 7:01 0:00 0:00
Marco Scandella 0 0 0 -1 0 5 0 4 1 2 0/0 26:37 5:09 3:17
Marcus Johansson 0 2 2 1 4 3 1 0 0 0 0/1 17:37 4:25 0:00
Mike Richards 1 0 1 1 2 4 0 1 0 1 1/5 14:07 4:25 1:51
Nino Niederreiter 0 0 0 1 0 2 0 0 0 0 1/2 13:05 0:00 5:04
Ronalds Kenins 0 0 0 0 0 0 1 0 0 0 0/0 7:01 0:00 0:00
3 Stars
1 - Derek Roy (Win)
2 - Jordan Eberle (NJD)
3 - Dmitry Kulikov (NJD)
Power Play
Devils - 1 on 5 Attempt(s) - 20.00%
Jets - 0 on 5 Attempt(s) - 0.00%
Penalty Kill
Devils - 5 on 5 Attempt(s) - 100.00%
- Score 1 goal in Penalty Kill
Jets - 4 on 5 Attempt(s) - 80.00%
- Score 0 goal in Penalty Kill
Team Stat
Devils - Hits : 18 - Faceoff Wins : 41 - Blocked Shots : 8 - Penalty Minutes : 10
Jets - Hits : 12 - Faceoff Wins : 31 - Blocked Shots : 18 - Penalty Minutes : 10
Official
Referees : Unknown
Linesman : Unknown
Game Notes
No Game Note
Finance
Level 1 -- Attendance: 5400 (90.00%) -- Ticket Income $415,800
Level 2 -- Attendance: 4817 (96.34%) -- Ticket Income $240,850
Level 3 -- Attendance: 1993 (99.65%) -- Ticket Income $59,790
Level 4 -- Attendance: 3593 (89.83%) -- Ticket Income $89,825
Luxury Box -- Attendance: 932 (93.20%) -- Ticket Income $142,596
Game was played at the MTS Center.
Total Attendance: 16735 (92.97%)
Total Ticket Income: $948,861
Other Income: $142,329
Total Income: $1,091,190
Devils
5 vs 5 Forward
Center Left Wing Right Wing Time % Phy DF OF
1 Jonathan Toews Jaden Schwartz Jordan Eberle 40 0 2 3
2 Matt Duchene Taylor Hall Viktor Arvidsson 30 0 2 3
3 Scott Gomez Kellan Lain Anthony Stewart 20 0 2 3
4 Tyler Bozak Scott Hartnell Alexander Perezhogin 10 0 2 3
5 vs 5 Defense
Defense Defense Time % Phy DF OF
1 Kevin Shattenkirk Shayne Gostisbehere 40 0 2 3
2 Tyler Cuma Travis Hamonic 30 0 2 3
3 Colton Parayko Dmitry Kulikov 20 0 2 3
4 Tyler Cuma Dmitry Kulikov 10 0 2 3
PowerPlay Forward
Center Left Wing Right Wing Time % Phy DF OF
1 Matt Duchene Taylor Hall Viktor Arvidsson 60 0 2 3
2 Jonathan Toews Jaden Schwartz Jordan Eberle 40 0 2 3
PowerPlay Defense
Defense Defense Time % Phy DF OF
1 Dmitry Kulikov Kevin Shattenkirk 60 1 2 2
2 Shayne Gostisbehere Tyler Cuma 40 1 2 2
Penalty Kill 4 Players Forward
Center Wing Time % Phy DF OF
1 Jonathan Toews Jordan Eberle 60 0 3 2
2 Scott Gomez Taylor Hall 40 0 3 2
Penalty Kill 4 Players Defense
Defense Defense Time % Phy DF OF
1 Dmitry Kulikov Travis Hamonic 60 1 2 2
2 Kevin Shattenkirk Tyler Cuma 40 1 2 2
Penalty Kill - 3 Players Forward
Forward Time % Phy DF OF
1 Matt Duchene 60 1 2 2
2 Scott Gomez 40 1 2 2
Penalty Kill - 3 Players Defense
Defense Defense Time % Phy DF OF
1 Tyler Cuma Kevin Shattenkirk 60 1 2 2
2 Dmitry Kulikov Shayne Gostisbehere 40 1 2 2
4 vs 4 Forward
Center Wing Time % Phy DF OF
1 Jonathan Toews Jordan Eberle 60 0 2 3
2 Matt Duchene Scott Hartnell 40 0 2 3
4 vs 4 Defense
Defense Defense Time % Phy DF OF
1 Kevin Shattenkirk Travis Hamonic 60 1 2 2
2 Tyler Cuma Dmitry Kulikov 40 1 2 2
Last Minutes Offensive
Center Left Wing Right Wing Defense Defense
Matt Duchene Taylor Hall Jordan Eberle Tyler Cuma Travis Hamonic
Last Minutes Defensive
Center Left Wing Right Wing Defense Defense
Matt Duchene Taylor Hall Jordan Eberle Tyler Cuma Travis Hamonic
Goaltenders
Starting : Ryan Miller
Backup : Keith Kinkaid
Extra Forwards
Normal : Scott Gomez, Jaden Schwartz, Anthony Stewart - PP : Scott Gomez, Taylor Hall - PK : Anthony Stewart
Extra Defensemen
Normal : Colton Parayko, Shayne Gostisbehere, Tyler Cuma - PP : Colton Parayko - PK : Shayne Gostisbehere, Tyler Cuma
Penalty Shots
Viktor Arvidsson, Matt Duchene, Jordan Eberle, Jonathan Toews, Taylor Hall
Scratches
Brandon Bollig (Healthy)
Jets
5 vs 5 Forward
Center Left Wing Right Wing Time % Phy DF OF
1 Derek Roy Marcus Johansson Corey Perry 35 1 2 2
2 Derek Stepan Benoit Pouliot Devin Setoguchi 32 1 2 2
3 Mike Richards Erik Haula Nino Niederreiter 23 1 2 2
4 Joe Colborne Ronalds Kenins Kevin Hayes 10 1 2 2
5 vs 5 Defense
Defense Defense Time % Phy DF OF
1 Marco Scandella Brendan Smith 38 1 2 2
2 Anton Volchenkov Eric Gelinas 32 1 2 2
3 Jared Spurgeon Jacob Trouba 20 1 2 2
4 Marco Scandella Eric Gelinas 10 1 2 2
PowerPlay Forward
Center Left Wing Right Wing Time % Phy DF OF
1 Derek Stepan Benoit Pouliot Corey Perry 60 0 0 5
2 Mike Richards Marcus Johansson Derek Roy 40 0 1 4
PowerPlay Defense
Defense Defense Time % Phy DF OF
1 Marco Scandella Brendan Smith 60 0 1 4
2 Eric Gelinas Jared Spurgeon 40 0 1 4
Penalty Kill 4 Players Forward
Center Wing Time % Phy DF OF
1 Erik Haula Nino Niederreiter 60 0 4 1
2 Derek Roy Mike Richards 40 0 4 1
Penalty Kill 4 Players Defense
Defense Defense Time % Phy DF OF
1 Anton Volchenkov Brendan Smith 60 1 4 0
2 Marco Scandella Eric Gelinas 40 1 4 0
Penalty Kill - 3 Players Forward
Forward Time % Phy DF OF
1 Erik Haula 60 0 4 1
2 Nino Niederreiter 40 0 4 1
Penalty Kill - 3 Players Defense
Defense Defense Time % Phy DF OF
1 Anton Volchenkov Brendan Smith 60 1 4 0
2 Eric Gelinas Marco Scandella 40 0 5 0
4 vs 4 Forward
Center Wing Time % Phy DF OF
1 Derek Stepan Corey Perry 60 1 2 2
2 Mike Richards Benoit Pouliot 40 1 2 2
4 vs 4 Defense
Defense Defense Time % Phy DF OF
1 Brendan Smith Anton Volchenkov 60 1 2 2
2 Brendan Smith Marco Scandella 40 1 2 2
Last Minutes Offensive
Center Left Wing Right Wing Defense Defense
Derek Stepan Benoit Pouliot Corey Perry Brendan Smith Marco Scandella
Last Minutes Defensive
Center Left Wing Right Wing Defense Defense
Derek Roy Erik Haula Nino Niederreiter Brendan Smith Anton Volchenkov
Goaltenders
Starting : Kari Lehtonen
Backup : Jonathan Bernier
Extra Forwards
Normal : Benoit Pouliot, Derek Stepan, Corey Perry - PP : Benoit Pouliot, Derek Stepan - PK : Corey Perry
Extra Defensemen
Normal : Anton Volchenkov, Marco Scandella, Brendan Smith - PP : Brendan Smith - PK : Marco Scandella, Brendan Smith
Penalty Shots
Benoit Pouliot, Mike Richards, Corey Perry, Devin Setoguchi, Erik Haula
Scratches
Fredrik Sjostrom (Healthy), Lee Stempniak (Healthy), Tyler Myers (Torn Right MCL Injury)
% Time on Ice - Devils
Lines # - Real PCT - Wanted PCT - Time Play
Normal Forward
1 - 35% - 40% - 14:25
2 - 28% - 30% - 11:30
3 - 20% - 20% - 8:05
4 - 17% - 10% - 7:11
Normal Defense
1 - 43% - 40% - 17:40
2 - 31% - 30% - 12:55
3 - 22% - 20% - 8:54
4 - 4% - 10% - 1:42
PP Forward
1 - 58% - 60% - 5:11
2 - 42% - 40% - 3:42
PP Defense
1 - 64% - 60% - 5:39
2 - 36% - 40% - 3:14
PK Forward
1 - 67% - 60% - 6:41
2 - 33% - 40% - 3:15
PK Defense
1 - 58% - 60% - 5:48
2 - 42% - 40% - 4:08
PK3 Forward
1 - 0% - 60%
2 - 0% - 40%
PK3 Defense
1 - 0% - 60%
2 - 0% - 40%
44 Forward
1 - 86% - 60% - 1:08
2 - 14% - 40% - 0:11
44 Defense
1 - 34% - 60% - 0:27
2 - 66% - 40% - 0:52
Last Minute Offensive - 0:00
Last Minute Defensive - 0:00
Total
Forward - 61:19
Defense - 61:19
|
% Time on Ice - Jets
Lines # - Real PCT - Wanted PCT - Time Play
Normal Forward
1 - 33% - 35% - 13:45
2 - 31% - 32% - 12:42
3 - 19% - 23% - 7:43
4 - 17% - 10% - 7:01
Normal Defense
1 - 41% - 38% - 16:54
2 - 33% - 32% - 13:38
3 - 22% - 20% - 9:09
4 - 4% - 10% - 1:30
PP Forward
1 - 52% - 60% - 5:11
2 - 48% - 40% - 4:45
PP Defense
1 - 57% - 60% - 5:41
2 - 43% - 40% - 4:15
PK Forward
1 - 74% - 60% - 6:34
2 - 26% - 40% - 2:19
PK Defense
1 - 62% - 60% - 5:31
2 - 38% - 40% - 3:22
PK3 Forward
1 - 0% - 60%
2 - 0% - 40%
PK3 Defense
1 - 0% - 60%
2 - 0% - 40%
44 Forward
1 - 100% - 60% - 1:19
2 - 0% - 40% - 0:00
44 Defense
1 - 82% - 60% - 1:05
2 - 18% - 40% - 0:14
Last Minute Offensive - 0:00
Last Minute Defensive - 0:00
Total
Forward - 61:19
Defense - 61:19
|
Play-by-Play
1st period
0:01 of 1st period - Derek Roy wins face-off versus Jonathan Toews in neutral zone.
0:33 of 1st period - Wrist shot by Taylor Hall.
0:33 of 1st period - Shot Blocked by Brendan Smith.
0:53 of 1st period - Snap shot by Mike Richards.
0:53 of 1st period - Stopped by Ryan Miller with a rebound.
0:55 of 1st period - Snap shot by Mike Richards.
0:55 of 1st period - Shot Blocked by Travis Hamonic.
0:57 of 1st period - Slapshot by Erik Haula.
0:57 of 1st period - Shot Blocked by Travis Hamonic.
1:39 of 1st period - Slapshot by Jordan Eberle.
1:39 of 1st period - Shot Misses the Net.
1:44 of 1st period - Off-side.
1:45 of 1st period - Derek Stepan wins face-off versus Matt Duchene in neutral zone.
1:48 of 1st period - Snap shot by Derek Stepan.
1:48 of 1st period - Shot Misses the Net.
1:56 of 1st period - Wrist shot by Devin Setoguchi.
1:56 of 1st period - Shot Misses the Net.
2:01 of 1st period - Icing by Taylor Hall.
2:02 of 1st period - Derek Roy wins face-off versus Matt Duchene in Devils zone.
2:11 of 1st period - Snap shot by Derek Roy.
2:11 of 1st period - Goal by Derek Roy - Devils : 0 - Jets : 1.
2:12 of 1st period - Jonathan Toews wins face-off versus Derek Roy in neutral zone.
3:11 of 1st period - Snap shot by Scott Gomez.
3:11 of 1st period - Shot Blocked by Brendan Smith.
4:18 of 1st period - Snap shot by Devin Setoguchi.
4:18 of 1st period - Shot Misses the Net.
5:33 of 1st period - Wrist shot by Tyler Bozak.
5:33 of 1st period - Stopped by Kari Lehtonen without a rebound.
5:34 of 1st period - Joe Colborne wins face-off versus Matt Duchene in Jets zone.
6:32 of 1st period - Snap shot by Scott Gomez.
6:32 of 1st period - Shot Misses the Net.
6:42 of 1st period - Wrist shot by Mike Richards.
6:42 of 1st period - Shot Misses the Net.
6:44 of 1st period - Wrist shot by Erik Haula.
6:44 of 1st period - Deflect By Mike Richards.
6:44 of 1st period - Goal by Mike Richards - Devils : 0 - Jets : 2.
6:45 of 1st period - Jonathan Toews wins face-off versus Corey Perry in neutral zone.
6:47 of 1st period - Minor Penalty to Jaden Schwartz for Tripping.
6:48 of 1st period - Corey Perry wins face-off versus Jonathan Toews in Devils zone.
7:14 of 1st period - Dmitry Kulikov is hit by Brendan Smith and loses puck.
7:31 of 1st period - Eric Gelinas is hit by Kevin Shattenkirk and loses puck.
7:35 of 1st period - Icing by Mike Richards.
7:36 of 1st period - Jonathan Toews wins face-off versus Mike Richards in Jets zone.
7:47 of 1st period - Snap shot by Benoit Pouliot.
7:47 of 1st period - Shot Misses the Net.
7:57 of 1st period - Slapshot by Taylor Hall.
7:57 of 1st period - Shot Blocked by Eric Gelinas.
7:59 of 1st period - Snap shot by Taylor Hall.
7:59 of 1st period - Stopped by Kari Lehtonen without a rebound.
8:00 of 1st period - Jonathan Toews wins face-off versus Mike Richards in Jets zone.
8:27 of 1st period - Wrist shot by Taylor Hall.
8:27 of 1st period - Goal by Taylor Hall - Devils : 1 - Jets : 2.
8:28 of 1st period - Derek Stepan wins face-off versus Jonathan Toews in neutral zone.
8:47 of 1st period - Penalty to Jaden Schwartz is over, Jaden Schwartz is back on ice.
9:09 of 1st period - Wrist shot by Taylor Hall.
9:09 of 1st period - Deflect By Matt Duchene.
9:09 of 1st period - Shot Misses the Net.
9:09 of 1st period - Puck is out of play.
9:10 of 1st period - Corey Perry wins face-off versus Jonathan Toews in Jets zone.
9:19 of 1st period - Snap shot by Jordan Eberle.
9:19 of 1st period - Stopped by Kari Lehtonen without a rebound.
9:20 of 1st period - Jonathan Toews wins face-off versus Derek Roy in Jets zone.
9:26 of 1st period - Minor Penalty to Eric Gelinas for Hooking.
9:27 of 1st period - Matt Duchene wins face-off versus Erik Haula in Jets zone.
9:29 of 1st period - Slapshot by Matt Duchene.
9:29 of 1st period - Shot Blocked by Brendan Smith.
9:31 of 1st period - Slapshot by Kevin Shattenkirk.
9:31 of 1st period - Stopped by Kari Lehtonen without a rebound.
9:32 of 1st period - Nino Niederreiter wins face-off versus Matt Duchene in Jets zone.
11:26 of 1st period - Penalty to Eric Gelinas is over, Eric Gelinas is back on ice.
11:43 of 1st period - Wrist shot by Erik Haula.
11:43 of 1st period - Stopped by Ryan Miller without a rebound.
11:44 of 1st period - Devin Setoguchi wins face-off versus Scott Gomez in Devils zone.
11:45 of 1st period - Snap shot by Derek Stepan.
11:45 of 1st period - Stopped by Ryan Miller with a rebound.
12:14 of 1st period - Eric Gelinas is hit by Jonathan Toews and loses puck.
15:12 of 1st period - Snap shot by Marco Scandella.
15:12 of 1st period - Shot Misses the Net.
15:14 of 1st period - Snap shot by Devin Setoguchi.
15:14 of 1st period - Stopped by Ryan Miller without a rebound.
15:15 of 1st period - Jordan Eberle wins face-off versus Derek Roy in Devils zone.
15:42 of 1st period - Benoit Pouliot is hit by Matt Duchene and loses puck.
16:03 of 1st period - Slapshot by Kellan Lain.
16:03 of 1st period - Shot Blocked by Brendan Smith.
16:43 of 1st period - Slapshot by Scott Gomez.
16:43 of 1st period - Stopped by Kari Lehtonen without a rebound.
16:44 of 1st period - Derek Stepan wins face-off versus Jonathan Toews in Jets zone.
17:32 of 1st period - Wrist shot by Tyler Bozak.
17:32 of 1st period - Stopped by Kari Lehtonen without a rebound.
17:33 of 1st period - Derek Roy wins face-off versus Tyler Bozak in Jets zone.
18:16 of 1st period - Wrist shot by Derek Stepan.
18:16 of 1st period - Shot Misses the Net.
18:52 of 1st period - Off-side.
18:53 of 1st period - Jonathan Toews wins face-off versus Joe Colborne in neutral zone.
18:57 of 1st period - Off-side.
18:58 of 1st period - Jordan Eberle wins face-off versus Derek Roy in neutral zone.
19:01 of 1st period - Snap shot by Travis Hamonic.
19:01 of 1st period - Shot Blocked by Marco Scandella.
Goals for this period are 1 for Devils vs 2 for Jets.
Shots for this period are 7 for Devils vs 6 for Jets.
2nd period
0:01 of 2nd period - Jonathan Toews wins face-off versus Derek Roy in neutral zone.
0:06 of 2nd period - Wrist shot by Jaden Schwartz.
0:06 of 2nd period - Shot Blocked by Eric Gelinas.
0:35 of 2nd period - Slapshot by Scott Gomez.
0:35 of 2nd period - Deflect By Kellan Lain.
0:35 of 2nd period - Shot Misses the Net.
0:35 of 2nd period - Puck is out of play.
0:36 of 2nd period - Jonathan Toews wins face-off versus Derek Stepan in Jets zone.
0:59 of 2nd period - Minor Penalty to Derek Stepan for Holding.
1:00 of 2nd period - Erik Haula wins face-off versus Matt Duchene in Jets zone.
1:00 of 2nd period - Erik Haula is hit by Dmitry Kulikov.
1:12 of 2nd period - Wrist shot by Nino Niederreiter.
1:12 of 2nd period - Stopped by Ryan Miller with a rebound.
1:34 of 2nd period - Wrist shot by Jaden Schwartz.
1:34 of 2nd period - Shot Misses the Net.
1:36 of 2nd period - Wrist shot by Jonathan Toews.
1:36 of 2nd period - Shot Misses the Net.
1:55 of 2nd period - Icing by Taylor Hall.
1:56 of 2nd period - Mike Richards wins face-off versus Viktor Arvidsson in Devils zone.
2:07 of 2nd period - Wrist shot by Mike Richards.
2:07 of 2nd period - Shot Misses the Net.
2:52 of 2nd period - Icing by Shayne Gostisbehere.
2:53 of 2nd period - Erik Haula wins face-off versus Matt Duchene in Devils zone.
2:59 of 2nd period - Penalty to Derek Stepan is over, Derek Stepan is back on ice.
3:06 of 2nd period - Slapshot by Kellan Lain.
3:06 of 2nd period - Deflect By Scott Gomez.
3:06 of 2nd period - Shot Blocked by Derek Roy.
3:06 of 2nd period - Puck is out of play.
3:07 of 2nd period - Scott Gomez wins face-off versus Derek Roy in Jets zone.
3:08 of 2nd period - Slapshot by Tyler Cuma.
3:08 of 2nd period - Shot Blocked by Corey Perry.
3:18 of 2nd period - Snap shot by Corey Perry.
3:18 of 2nd period - Shot Blocked by Scott Gomez.
3:20 of 2nd period - Slapshot by Marcus Johansson.
3:20 of 2nd period - Shot Misses the Net.
3:22 of 2nd period - Backhand shot by Marco Scandella.
3:22 of 2nd period - Stopped by Ryan Miller without a rebound.
3:23 of 2nd period - Derek Stepan wins face-off versus Jonathan Toews in Devils zone.
3:26 of 2nd period - Wrist shot by Derek Stepan.
3:26 of 2nd period - Shot Misses the Net.
3:52 of 2nd period - Derek Roy is hit by Matt Duchene and loses puck.
4:02 of 2nd period - Wrist shot by Taylor Hall.
4:02 of 2nd period - Shot Blocked by Derek Roy.
4:24 of 2nd period - Wrist shot by Mike Richards.
4:24 of 2nd period - Stopped by Ryan Miller with a rebound.
4:38 of 2nd period - Snap shot by Scott Gomez.
4:38 of 2nd period - Stopped by Kari Lehtonen with a rebound.
4:40 of 2nd period - Slapshot by Tyler Cuma.
4:40 of 2nd period - Stopped by Kari Lehtonen without a rebound.
4:41 of 2nd period - Derek Stepan wins face-off versus Jonathan Toews in Jets zone.
4:48 of 2nd period - Wrist shot by Jordan Eberle.
4:48 of 2nd period - Shot Misses the Net.
5:30 of 2nd period - Jonathan Toews is hit by Jared Spurgeon and loses puck.
5:39 of 2nd period - Snap shot by Benoit Pouliot.
5:39 of 2nd period - Stopped by Ryan Miller without a rebound.
5:40 of 2nd period - Matt Duchene wins face-off versus Derek Roy in Devils zone.
5:40 of 2nd period - Matt Duchene is hit by Eric Gelinas.
5:53 of 2nd period - Minor Penalty to Marcus Johansson for Tripping.
5:54 of 2nd period - Erik Haula wins face-off versus Matt Duchene in Jets zone.
6:02 of 2nd period - Snap shot by Viktor Arvidsson.
6:02 of 2nd period - Stopped by Kari Lehtonen without a rebound.
6:03 of 2nd period - Erik Haula wins face-off versus Matt Duchene in Jets zone.
6:36 of 2nd period - Snap shot by Taylor Hall.
6:36 of 2nd period - Stopped by Kari Lehtonen without a rebound.
6:37 of 2nd period - Jonathan Toews wins face-off versus Erik Haula in Jets zone.
6:38 of 2nd period - Wrist shot by Jaden Schwartz.
6:38 of 2nd period - Stopped by Kari Lehtonen with a rebound.
6:40 of 2nd period - Snap shot by Tyler Cuma.
6:40 of 2nd period - Stopped by Kari Lehtonen with a rebound.
6:50 of 2nd period - Wrist shot by Jordan Eberle.
6:50 of 2nd period - Goal by Jordan Eberle - Devils : 2 - Jets : 2.
6:51 of 2nd period - Derek Roy wins face-off versus Jonathan Toews in neutral zone.
7:02 of 2nd period - Slapshot by Marcus Johansson.
7:02 of 2nd period - Shot Misses the Net.
7:04 of 2nd period - Slapshot by Marco Scandella.
7:04 of 2nd period - Stopped by Ryan Miller without a rebound.
7:05 of 2nd period - Jonathan Toews wins face-off versus Derek Roy in Devils zone.
7:38 of 2nd period - Wrist shot by Nino Niederreiter.
7:38 of 2nd period - Stopped by Ryan Miller with a rebound.
7:44 of 2nd period - Slapshot by Kevin Shattenkirk.
7:44 of 2nd period - Shot Blocked by Brendan Smith.
8:08 of 2nd period - Slapshot by Scott Gomez.
8:08 of 2nd period - Stopped by Kari Lehtonen without a rebound.
8:09 of 2nd period - Jonathan Toews wins face-off versus Derek Roy in Jets zone.
8:20 of 2nd period - Wrist shot by Derek Roy.
8:20 of 2nd period - Stopped by Ryan Miller without a rebound.
8:21 of 2nd period - Jonathan Toews wins face-off versus Derek Roy in Devils zone.
10:33 of 2nd period - Taylor Hall is hit by Brendan Smith and loses puck.
10:42 of 2nd period - Slapshot by Dmitry Kulikov.
10:42 of 2nd period - Shot Misses the Net.
10:58 of 2nd period - Slapshot by Marco Scandella.
10:58 of 2nd period - Stopped by Ryan Miller without a rebound.
10:59 of 2nd period - Jonathan Toews wins face-off versus Joe Colborne in Devils zone.
11:03 of 2nd period - Off-side.
11:04 of 2nd period - Derek Roy wins face-off versus Jonathan Toews in neutral zone.
11:15 of 2nd period - Slapshot by Marcus Johansson.
11:15 of 2nd period - Shot Misses the Net.
11:17 of 2nd period - Slapshot by Marcus Johansson.
11:17 of 2nd period - Shot Blocked by Dmitry Kulikov.
11:19 of 2nd period - Snap shot by Derek Roy.
11:19 of 2nd period - Stopped by Ryan Miller without a rebound.
11:20 of 2nd period - Matt Duchene wins face-off versus Derek Stepan in Devils zone.
12:14 of 2nd period - Slapshot by Marco Scandella.
12:14 of 2nd period - Shot Misses the Net.
12:16 of 2nd period - Slapshot by Marco Scandella.
12:16 of 2nd period - Shot Blocked by Tyler Cuma.
12:18 of 2nd period - Slapshot by Brendan Smith.
12:18 of 2nd period - Stopped by Ryan Miller without a rebound.
12:19 of 2nd period - Matt Duchene wins face-off versus Mike Richards in Devils zone.
12:27 of 2nd period - Wrist shot by Matt Duchene.
12:27 of 2nd period - Stopped by Kari Lehtonen with a rebound.
12:29 of 2nd period - Wrist shot by Taylor Hall.
12:29 of 2nd period - Deflect By Viktor Arvidsson.
12:29 of 2nd period - Shot Blocked by Mike Richards.
12:29 of 2nd period - Puck is out of play.
12:30 of 2nd period - Jonathan Toews wins face-off versus Derek Stepan in Jets zone.
12:31 of 2nd period - Wrist shot by Jordan Eberle.
12:31 of 2nd period - Deflect By Jaden Schwartz.
12:31 of 2nd period - Stopped by Kari Lehtonen without a rebound.
12:32 of 2nd period - Derek Stepan wins face-off versus Jonathan Toews in Jets zone.
13:03 of 2nd period - Snap shot by Derek Roy.
13:03 of 2nd period - Stopped by Ryan Miller with a rebound.
13:05 of 2nd period - Double Minor Penalty to Viktor Arvidsson for Slashing.
13:06 of 2nd period - Derek Stepan wins face-off versus Jonathan Toews in Devils zone.
15:38 of 2nd period - Dmitry Kulikov is hit by Devin Setoguchi and loses puck.
15:43 of 2nd period - Wrist shot by Joe Colborne.
15:43 of 2nd period - Stopped by Ryan Miller with a rebound.
16:00 of 2nd period - Icing by Mike Richards.
16:01 of 2nd period - Scott Gomez wins face-off versus Mike Richards in Jets zone.
17:05 of 2nd period - Penalty to Viktor Arvidsson is over, Viktor Arvidsson is back on ice.
17:14 of 2nd period - Off-side.
17:15 of 2nd period - Tyler Bozak wins face-off versus Joe Colborne in neutral zone.
17:20 of 2nd period - Wrist shot by Scott Hartnell.
17:20 of 2nd period - Stopped by Kari Lehtonen without a rebound.
17:21 of 2nd period - Tyler Bozak wins face-off versus Joe Colborne in Jets zone.
17:48 of 2nd period - Snap shot by Dmitry Kulikov.
17:48 of 2nd period - Deflect By Matt Duchene.
17:48 of 2nd period - Shot Blocked by Marco Scandella.
17:48 of 2nd period - Puck is out of play.
17:49 of 2nd period - Derek Stepan wins face-off versus Matt Duchene in Jets zone.
17:54 of 2nd period - Slapshot by Devin Setoguchi.
17:54 of 2nd period - Stopped by Ryan Miller with a rebound.
18:04 of 2nd period - Wrist shot by Matt Duchene.
18:04 of 2nd period - Stopped by Kari Lehtonen without a rebound.
18:05 of 2nd period - Derek Roy wins face-off versus Jonathan Toews in Jets zone.
18:17 of 2nd period - Off-side.
18:18 of 2nd period - Jonathan Toews wins face-off versus Derek Roy in neutral zone.
18:23 of 2nd period - Snap shot by Jonathan Toews.
18:23 of 2nd period - Stopped by Kari Lehtonen without a rebound.
18:24 of 2nd period - Jonathan Toews wins face-off versus Derek Roy in Jets zone.
18:25 of 2nd period - Wrist shot by Jordan Eberle.
18:25 of 2nd period - Shot Blocked by Brendan Smith.
18:31 of 2nd period - Snap shot by Jordan Eberle.
18:31 of 2nd period - Stopped by Kari Lehtonen with a rebound.
18:33 of 2nd period - Snap shot by Jordan Eberle.
18:33 of 2nd period - Shot Blocked by Marco Scandella.
18:35 of 2nd period - Snap shot by Jordan Eberle.
18:35 of 2nd period - Goal by Jordan Eberle - Devils : 3 - Jets : 2.
18:36 of 2nd period - Jonathan Toews wins face-off versus Derek Roy in neutral zone.
19:03 of 2nd period - Tyler Cuma is hit by Devin Setoguchi and loses puck.
19:30 of 2nd period - Snap shot by Mike Richards.
19:30 of 2nd period - Stopped by Ryan Miller without a rebound.
19:31 of 2nd period - Matt Duchene wins face-off versus Nino Niederreiter in Devils zone.
Goals for this period are 2 for Devils vs 0 for Jets.
Shots for this period are 15 for Devils vs 14 for Jets.
3rd period
0:01 of 3rd period - Derek Roy wins face-off versus Jonathan Toews in neutral zone.
0:08 of 3rd period - Wrist shot by Derek Roy.
0:08 of 3rd period - Stopped by Ryan Miller with a rebound.
0:10 of 3rd period - Wrist shot by Marcus Johansson.
0:10 of 3rd period - Stopped by Ryan Miller without a rebound.
0:11 of 3rd period - Jonathan Toews wins face-off versus Marcus Johansson in Devils zone.
0:14 of 3rd period - Slapshot by Marcus Johansson.
0:14 of 3rd period - Shot Blocked by Shayne Gostisbehere.
0:16 of 3rd period - Snap shot by Marcus Johansson.
0:16 of 3rd period - Stopped by Ryan Miller without a rebound.
0:17 of 3rd period - Jonathan Toews wins face-off versus Derek Roy in Devils zone.
0:34 of 3rd period - Snap shot by Derek Roy.
0:34 of 3rd period - Stopped by Ryan Miller without a rebound.
0:35 of 3rd period - Derek Stepan wins face-off versus Matt Duchene in Devils zone.
0:36 of 3rd period - Snap shot by Devin Setoguchi.
0:36 of 3rd period - Stopped by Ryan Miller with a rebound.
1:26 of 3rd period - Snap shot by Jordan Eberle.
1:26 of 3rd period - Shot Blocked by Marco Scandella.
2:00 of 3rd period - Kevin Hayes is hit by Alexander Perezhogin and loses puck.
2:36 of 3rd period - Off-side.
2:37 of 3rd period - Jonathan Toews wins face-off versus Derek Roy in neutral zone.
2:50 of 3rd period - Wrist shot by Jonathan Toews.
2:50 of 3rd period - Shot Blocked by Anton Volchenkov.
2:52 of 3rd period - Slapshot by Dmitry Kulikov.
2:52 of 3rd period - Shot Misses the Net.
2:54 of 3rd period - Snap shot by Jordan Eberle.
2:54 of 3rd period - Shot Misses the Net.
3:04 of 3rd period - Anton Volchenkov is hit by Alexander Perezhogin and loses puck.
3:17 of 3rd period - Snap shot by Derek Roy.
3:17 of 3rd period - Stopped by Ryan Miller without a rebound.
3:18 of 3rd period - Jonathan Toews wins face-off versus Derek Stepan in Devils zone.
3:18 of 3rd period - Jonathan Toews is hit by Derek Stepan.
4:27 of 3rd period - Marco Scandella is hit by Tyler Cuma and loses puck.
4:30 of 3rd period - Slapshot by Marco Scandella.
4:30 of 3rd period - Stopped by Ryan Miller without a rebound.
4:31 of 3rd period - Derek Stepan wins face-off versus Scott Hartnell in Devils zone.
4:38 of 3rd period - Wrist shot by Devin Setoguchi.
4:38 of 3rd period - Stopped by Ryan Miller with a rebound.
4:44 of 3rd period - Wrist shot by Derek Stepan.
4:44 of 3rd period - Shot Misses the Net.
4:46 of 3rd period - Snap shot by Eric Gelinas.
4:46 of 3rd period - Stopped by Ryan Miller with a rebound.
4:48 of 3rd period - Slapshot by Marco Scandella.
4:48 of 3rd period - Stopped by Ryan Miller with a rebound.
4:54 of 3rd period - Minor Penalty to Shayne Gostisbehere for Goalie Interference.
4:55 of 3rd period - Jonathan Toews wins face-off versus Derek Stepan in Devils zone.
6:54 of 3rd period - Penalty to Shayne Gostisbehere is over, Shayne Gostisbehere is back on ice.
7:06 of 3rd period - Kevin Hayes is hit by Kevin Shattenkirk and loses puck.
7:23 of 3rd period - Snap shot by Taylor Hall.
7:23 of 3rd period - Shot Misses the Net.
7:42 of 3rd period - Kevin Hayes is hit by Anthony Stewart and loses puck.
7:58 of 3rd period - Scott Hartnell is hit by Ronalds Kenins and loses puck.
8:03 of 3rd period - Backhand shot by Joe Colborne.
8:03 of 3rd period - Shot Blocked by Kevin Shattenkirk.
8:05 of 3rd period - Wrist shot by Joe Colborne.
8:05 of 3rd period - Shot Misses the Net.
8:07 of 3rd period - Wrist shot by Jared Spurgeon.
8:07 of 3rd period - Shot Misses the Net.
8:09 of 3rd period - Slapshot by Kevin Hayes.
8:09 of 3rd period - Stopped by Ryan Miller without a rebound.
8:10 of 3rd period - Jonathan Toews wins face-off versus Derek Roy in Devils zone.
8:10 of 3rd period - Jonathan Toews is hit by Corey Perry.
8:28 of 3rd period - Jordan Eberle is hit by Marcus Johansson.
8:57 of 3rd period - Derek Stepan is hit by Matt Duchene and loses puck.
9:14 of 3rd period - Mike Richards is hit by Anthony Stewart and loses puck.
9:27 of 3rd period - Snap shot by Marcus Johansson.
9:27 of 3rd period - Stopped by Ryan Miller with a rebound.
9:29 of 3rd period - Slapshot by Corey Perry.
9:29 of 3rd period - Shot Misses the Net.
9:31 of 3rd period - Slapshot by Corey Perry.
9:31 of 3rd period - Shot Misses the Net.
9:34 of 3rd period - Minor Penalty to Marcus Johansson for Slashing.
9:35 of 3rd period - Matt Duchene wins face-off versus Erik Haula in Jets zone.
9:44 of 3rd period - Snap shot by Viktor Arvidsson.
9:44 of 3rd period - Shot Misses the Net.
9:48 of 3rd period - Slapshot by Kevin Shattenkirk.
9:48 of 3rd period - Shot Misses the Net.
9:50 of 3rd period - Slapshot by Dmitry Kulikov.
9:50 of 3rd period - Stopped by Kari Lehtonen with a rebound.
9:52 of 3rd period - Wrist shot by Taylor Hall.
9:52 of 3rd period - Shot Hit the Post.
11:34 of 3rd period - Penalty to Marcus Johansson is over, Marcus Johansson is back on ice.
11:45 of 3rd period - Kevin Hayes is hit by Tyler Cuma and loses puck.
11:57 of 3rd period - Icing by Jacob Trouba.
11:58 of 3rd period - Tyler Bozak wins face-off versus Derek Stepan in Jets zone.
12:01 of 3rd period - Wrist shot by Tyler Bozak.
12:01 of 3rd period - Shot Misses the Net.
12:03 of 3rd period - Snap shot by Alexander Perezhogin.
12:03 of 3rd period - Stopped by Kari Lehtonen with a rebound.
12:07 of 3rd period - Wrist shot by Tyler Bozak.
12:07 of 3rd period - Shot Blocked by Anton Volchenkov.
12:09 of 3rd period - Slapshot by Alexander Perezhogin.
12:09 of 3rd period - Stopped by Kari Lehtonen without a rebound.
12:10 of 3rd period - Jonathan Toews wins face-off versus Corey Perry in Jets zone.
12:11 of 3rd period - Snap shot by Jordan Eberle.
12:11 of 3rd period - Stopped by Kari Lehtonen with a rebound.
12:21 of 3rd period - Jordan Eberle is hit by Derek Roy and loses puck.
13:39 of 3rd period - Wrist shot by Jaden Schwartz.
13:39 of 3rd period - Stopped by Kari Lehtonen without a rebound.
13:40 of 3rd period - Derek Roy wins face-off versus Jordan Eberle in Jets zone.
13:47 of 3rd period - Snap shot by Derek Roy.
13:47 of 3rd period - Goal by Derek Roy - Devils : 3 - Jets : 3.
13:48 of 3rd period - Derek Roy wins face-off versus Jaden Schwartz in neutral zone.
14:21 of 3rd period - Snap shot by Benoit Pouliot.
14:21 of 3rd period - Stopped by Ryan Miller without a rebound.
14:22 of 3rd period - Matt Duchene wins face-off versus Derek Stepan in Devils zone.
14:29 of 3rd period - Snap shot by Viktor Arvidsson.
14:29 of 3rd period - Stopped by Kari Lehtonen with a rebound.
14:38 of 3rd period - Minor Penalty to Taylor Hall for Hooking.
14:39 of 3rd period - Jonathan Toews wins face-off versus Derek Stepan in Devils zone.
14:47 of 3rd period - Wrist shot by Corey Perry.
14:47 of 3rd period - Shot Blocked by Jordan Eberle.
16:04 of 3rd period - Benoit Pouliot is hit by Kellan Lain and loses puck.
16:38 of 3rd period - Penalty to Taylor Hall is over, Taylor Hall is back on ice.
16:50 of 3rd period - Taylor Hall is hit by Joe Colborne and loses puck.
16:57 of 3rd period - Brendan Smith is hit by Taylor Hall and loses puck.
17:12 of 3rd period - Erik Haula is hit by Colton Parayko and loses puck.
17:32 of 3rd period - Icing by Derek Roy.
17:33 of 3rd period - Derek Stepan wins face-off versus Taylor Hall in Jets zone.
17:49 of 3rd period - Minor Penalty to Mike Richards for High sticking.
17:50 of 3rd period - Matt Duchene wins face-off versus Erik Haula in Jets zone.
18:46 of 3rd period - Marco Scandella is hit by Jaden Schwartz and loses puck.
19:49 of 3rd period - Penalty to Mike Richards is over, Mike Richards is back on ice.
19:49 of 3rd period - Icing by Viktor Arvidsson.
19:50 of 3rd period - Derek Roy wins face-off versus Matt Duchene in Devils zone.
Goals for this period are 0 for Devils vs 1 for Jets.
Shots for this period are 6 for Devils vs 14 for Jets.
Overtime #1
0:01 of 1st overtime period - Jonathan Toews wins face-off versus Derek Stepan in neutral zone.
0:44 of 1st overtime period - Wrist shot by Benoit Pouliot.
0:44 of 1st overtime period - Shot Misses the Net.
0:50 of 1st overtime period - Erik Haula is hit by Tyler Cuma and loses puck.
1:11 of 1st overtime period - Wrist shot by Derek Roy.
1:11 of 1st overtime period - Shot Misses the Net.
1:19 of 1st overtime period - Slapshot by Dmitry Kulikov.
1:19 of 1st overtime period - Goal by Dmitry Kulikov - Devils : 4 - Jets : 3.
Goals for this period are 1 for Devils vs 0 for Jets.
Shots for this period are 1 for Devils vs 0 for Jets.
Back to the Top